 Dungeon Crawl Stone Soup version 0.23-a0-767-gdc19b93 (webtiles) character file.

69423 nono the Fighter (level 15, -1/138 HPs)
             Began as a Ghoul Fighter on Jan 19, 2019.
             Was a High Priest of Qazlal.
             Slain by a naga warrior
             ... wielding a +0 war axe
              (3 damage)
             ... on level 3 of the Snake Pit.
             The game lasted 00:54:14 (15014 turns).

nono the Fighter (Ghoul Fighter)                   Turns: 15014, Time: 00:54:14

Health: -1/138     AC: 27    Str: 41    XL:     15   Next: 29%
Magic:  8/21       EV:  9    Int:  1    God:    Qazlal [*****.]
Gold:   970        SH: 28    Dex: 13    Spells: 14/14 levels left

rFire    . . .     SeeInvis .     - Unarmed
rCold    + + .     Gourm    .   o - +0 large shield
rNeg     + + +     Faith    +   x - +6 scale mail of Divine Compulsion {Str+6 Int-3}
rPois    ∞         Spirit   .   E - +2 helmet of Knowledge {MR+ Str+4}
rElec    .         Reflect  .   D - +1 cloak {MR+}
rCorr    .         Harm     .   W - +0 pair of gloves
MR       +++..                  q - +0 pair of boots
Stlth    ..........             j - amulet of faith
HPRegen  0.00/turn              Y - ring "Jiplafre" {rC+ Dex+5}
MPRegen  0.17/turn              N - +4 ring of evasion

@: mighty, protected from physical damage, rotting, constricted, repel missiles
A: rotting body, claws 1, carnivore, cold resistance 1, negative energy
resistance 3, inhibited regeneration, torment resistance, unbreathing
a: Upheaval, Elemental Force, Disaster Area, Renounce Religion


You were on level 3 of the Snake Pit.
You worshipped Qazlal.
Qazlal was extremely pleased with you.
You were not hungry.

You visited 4 branches of the dungeon, and saw 20 of its levels.

You collected 1236 gold pieces.
You spent 266 gold pieces at shops.

Inventory:

Missiles
 F - 2 throwing nets (quivered)
Armour
 a - a +0 crystal plate armour
 e - a +0 helmet of see invisible
 o - a +0 large shield (worn)
 q - a +0 pair of boots (worn)
 x - the +6 scale mail of Divine Compulsion (worn) {Str+6 Int-3}
   (You found it on level 7 of the Dungeon)

   It affects your strength (+6).
   It affects your intelligence (-3).
 D - a +1 cloak of magic resistance (worn)
 E - the +2 helmet of Knowledge (worn) {MR+ Str+4}
   (You bought it in a shop on level 5 of the Dungeon)

   It affects your strength (+4).
   It affects your resistance to hostile enchantments.
 W - a +0 pair of gloves (worn)
Jewellery
 j - an amulet of faith (around neck)
 C - an uncursed amulet of rage {unknown}
 L - a +2 amulet of reflection {unknown}
 M - an uncursed ring of magical power
 N - a +4 ring of evasion (right hand)
 R - an uncursed amulet of rage {unknown}
 S - a +5 amulet of reflection {unknown}
 U - an uncursed ring of flight
 Y - the ring "Jiplafre" (left hand) {rC+ Dex+5}
   (You found it on level 2 of the Snake Pit)

   [ring of protection from cold]

   It affects your dexterity (+5).
   It protects you from cold.
Wands
 b - a wand of acid (5)
 c - a wand of polymorph (13)
 f - a wand of digging (3)
 B - a wand of flame (8)
 J - a wand of scattershot (7)
Scrolls
 h - 7 scrolls of teleportation
 i - 10 scrolls of remove curse
 k - 5 scrolls of immolation
 n - a scroll of fog
 r - 2 scrolls of blinking
 s - 4 scrolls of enchant armour
 t - a scroll of summoning
 v - 3 scrolls of magic mapping
 G - a scroll of vulnerability {unknown}
 P - a scroll of fear
 Q - a scroll of brand weapon
 T - 3 scrolls of identify
 V - a scroll of acquirement
 X - a scroll of enchant weapon {unknown}
Potions
 g - 2 potions of haste
 l - 2 potions of flight {unknown}
 m - 3 potions of lignification {unknown}
 p - a potion of ambrosia
 u - 8 potions of curing {unknown}
 w - 4 potions of brilliance
 y - a potion of agility
 z - 2 potions of heal wounds
 A - 3 potions of resistance
 H - 2 potions of might
 I - 4 potions of cancellation {unknown}
 K - 3 potions of mutation {unknown}
 O - a potion of magic
Miscellaneous
 Z - a lamp of fire
Comestibles
 d - 24 rations


   Skills:
 + Level 14.0 Fighting
 + Level 11.9 Armour
 + Level 11.9 Shields
 + Level 13.8 Unarmed Combat
 + Level 9.3 Invocations


You had 14 spell levels left.
You didn't know any spells.
Your spell library contained the following spells:

 Spells                   Type           Power        Failure   Level  Hunger
 Magic Dart               Conj           #...         99%         1    ##.....
 Blink                    Tloc           N/A          100%        2    ###....
 Call Imp                 Summ           #.......     100%        2    ###....
 Poisonous Vapours        Pois/Air       #.....       100%        2    ###....
 Slow                     Hex            #.......     100%        2    ###....
 Conjure Flame            Conj/Fire      #.......     100%        3    ####...
 Mephitic Cloud           Conj/Pois/Air  #.......     100%        3    ####...
 Summon Ice Beast         Ice/Summ       #.......     100%        4    #####..
 Summon Lightning Spire   Summ/Air       #.......     100%        4    #####..
 Summon Forest            Summ/Tloc      #.........   100%        5    ######.


Dungeon Overview and Level Annotations

Branches:
Dungeon (10/15)            Temple (1/1) D:4            Lair (6/6) D:10
  Swamp (0/4) Lair:4        Snake (3/4) Lair:3        Slime (0/5) Lair:5
    Orc (0/2) D:9

Altars:
Ashenzari
Cheibriados
Dithmenos
Elyvilon
Fedhas
Gozag
Hepliaklqana
Kikubaaqudgha
Makhleb
Nemelex Xobeh
Okawaru
Qazlal
Ru
Sif Muna
Trog
Uskayaw
Vehumet
Wu Jian
Xom
Yredelemnul
Zin
The Shining One

Shops:
D:5 [   D:6 :   D:8 (


Innate Abilities, Weirdness & Mutations

Your body is rotting away.
You thrive on raw meat.
You are immune to poison.
You have sharp fingernails.
You are carnivorous and can eat meat at any time.
Your flesh is cold resistant. (rC+)
You are immune to negative energy. (rN+++)
You do not regenerate when monsters are visible.
You are immune to unholy pain and torment.
You can survive without breathing.


Message History

A naga comes into view. It is wielding a +0 flail.
The naga mage hits you but does no damage.
The naga mage mumbles some strange words.
The naga mage seems to speed up.
The black mamba bites you!
* * * LOW HITPOINT WARNING * * *
The naga sharpshooter shoots a bolt.
The bolt hits you!
* * * LOW HITPOINT WARNING * * *
Unknown command.
Blink to where?
Press: ? - help, Dir - move target cursor The naga warrior's grasp on you weakens, but your attempt to escape fails.
As you read the scroll of blinking, it crumbles to dust.
You hear an angry hiss. x2
You block the black mamba's attack. The black mamba bites you!
* * * LOW HITPOINT WARNING * * *
The naga warrior hits you but does no damage.
* * * LOW HITPOINT WARNING * * *
The naga warrior constricts you. You block the black mamba's attack.
The naga warrior hits you with a +0 war axe.
You die...

#. #... ##...
.....##
...≈.≈.####
......NN..#
#...N≈NNN# .
#..NS@S#N...
#..°NSNN...NN
######○......
..≈....
...≈...
....≈..
.......
≈≈.##..


You could see 3 naga warriors, 3 naga sharpshooters, a guardian serpent, 2 black
mambas, 2 naga magi and 4 nagas.

Vanquished Creatures
  Gastronok (D:9)
  2 nagarajas
  The ghost of Tux the Stormcaller, a journeyman TeAE of Vehumet (Lair:5)
  The ghost of MalarOregon the Nimble, a journeyman MfIE of Yredelemnul (Lair:3)
  6 hydras
  Harold (D:7)
  A naga warrior (Snake:2)
  5 catoblepae
  Erica (D:8)
  4 anacondas
  A dancing weapon (Lair:3)
  7 death yaks (Lair:6)
  6 naga sharpshooters
  4 shock serpents
  A flayed ghost (D:9)
  A naga ritualist (Snake:2)
  5 mana vipers (Snake:2)
  3 salamanders (Snake:2)
  2 manticores (Lair:6)
  5 elephants (Lair:6)
  Joseph (D:9)
  A torpor snail (Lair:4)
  10 black mambas
  A guardian serpent (Snake:2)
  6 naga magi
  15 spiny frogs
  Psyche (D:9)
  4 komodo dragons
  Prince Ribbit (D:6)
  3 blink frogs (Lair:4)
  A hornet (D:9)
  Grinder (D:4)
  2 bog bodies (Lair:4)
  5 slime creatures (D:8)
  4 dream sheep (Lair:4)
  11 hippogriffs
  Sigmund (D:4)
  3 wraiths (D:9)
  2 shadows (D:9)
  41 yaks
  Eustachio (D:5)
  2 steam dragons
  Edmund (D:4)
  Menkaure (D:4)
  15 nagas
  7 water moccasins
  8 porcupines
  2 orc warriors
  An ice beast (D:7)
  4 sky beasts
  A black bear (D:9)
  13 wolves
  A necrophage (D:5)
  A centaur (D:8)
  11 crocodiles
  Blork the orc (D:4)
  9 bullfrogs
  2 wyvern skeletons (D:9)
  A scorpion (D:8)
  A water moccasin skeleton (D:7)
  4 killer bees (D:8)
  18 wights
  An electric eel (Lair:3)
  A howler monkey (D:8)
  3 crimson imps
  2 bullfrog zombies
  3 jellies
  3 orc priests
  4 hounds
  Crazy Yiuf (D:6)
  2 bullfrog skeletons (D:4)
  5 orc wizards
  2 iguanas
  4 worker ants
  A killer bee zombie (D:5)
  A hound zombie (D:5)
  A howler monkey zombie (D:9)
  11 gnolls
  9 adders
  An ooze (D:1)
  2 adder zombies
  An adder skeleton (D:4)
  2 worms (D:4)
  2 dart slugs
  2 leopard geckos (D:2)
  23 orcs
  19 bats
  9 giant cockroaches
  10 goblins
  7 hobgoblins
  10 jackals
  6 kobolds
  2 quokkas
  A ball python (D:2)
  3 frilled lizards
  A quokka skeleton (D:5)
  A quokka zombie (D:5)
  7 rats
440 creatures vanquished.

Vanquished Creatures (collateral kills)
  A naga warrior (Snake:2)
  A catoblepas (Lair:6)
  A naga mage (Snake:2)
3 creatures vanquished.

Vanquished Creatures (others)
  A rat (D:2)
  5 fungi
  10 plants
16 creatures vanquished.

Grand Total: 459 creatures vanquished

Notes
Turn   | Place    | Note
-------+----------+-------------------------------------------
     0 | D:1      | nono the Ghoul Fighter began the quest for the Orb.
     0 | D:1      | Reached XP level 1. HP: 19/19 MP: 0/0
   101 | D:1      | Reached XP level 2. HP: 22/26 MP: 1/1
   330 | D:1      | Reached XP level 3. HP: 21/31 MP: 2/2
   948 | D:2      | Reached XP level 4. HP: 28/40 MP: 3/3
  1281 | D:2      | Reached skill level 4 in Fighting
  1443 | D:2      | Found a faded altar of an unknown god.
  1573 | D:3      | Found a glowing golden altar of the Shining One.
  1573 | D:3      | Found a blossoming altar of Fedhas.
  1748 | D:3      | Reached XP level 5. HP: 46/46 MP: 4/4
  1935 | D:4      | Noticed Edmund
  1972 | D:4      | Killed Edmund
  1972 | D:4      | Reached XP level 6. HP: 37/53 MP: 5/5
  2072 | D:4      | Noticed Menkaure
  2082 | D:4      | Killed Menkaure
  2167 | D:4      | Reached skill level 5 in Fighting
  2196 | D:4      | Noticed Grinder
  2208 | D:4      | Killed Grinder
  2208 | D:4      | Reached XP level 7. HP: 42/61 MP: 6/6
  2248 | D:4      | Noticed Blork the orc
  2253 | D:4      | Killed Blork the orc
  2299 | D:4      | Noticed Sigmund
  2312 | D:4      | Killed Sigmund
  2312 | D:4      | Reached skill level 5 in Unarmed Combat
  2312 | D:4      | Reached XP level 8. HP: 46/70 MP: 7/7
  2561 | D:5      | Entered Level 5 of the Dungeon
  2570 | D:5      | Reached skill level 6 in Fighting
  2673 | D:5      | Noticed Eustachio
  2726 | D:5      | Killed Eustachio
  2726 | D:5      | Reached skill level 5 in Armour
  2726 | D:5      | Reached skill level 5 in Shields
  2988 | D:5      | Found Suwat's Antique Armour Shoppe.
  3185 | D:5      | Found a hide-covered altar of Uskayaw.
  3294 | D:6      | Found Azoe's Book Boutique.
  3380 | D:6      | Noticed Prince Ribbit
  3479 | D:6      | Killed Prince Ribbit
  3479 | D:6      | Reached XP level 9. HP: 30/78 MP: 8/8
  3585 | D:6      | Found an ancient bone altar of Kikubaaqudgha.
  3646 | D:6      | Found a runed door.
  3650 | D:6      | Noticed Crazy Yiuf
  3658 | D:6      | Killed Crazy Yiuf
  3658 | D:6      | Reached skill level 7 in Fighting
  4114 | D:7      | Got an encrusted scale mail
  4125 | D:7      | Identified the +6 scale mail of Divine Compulsion {Str+6
                  | Int-3} (You found it on level 7 of the Dungeon)
  4163 | D:7      | Found a shadowy altar of Dithmenos.
  4638 | D:7      | Noticed Harold
  4658 | D:7      | Killed Harold
  4658 | D:7      | Reached skill level 8 in Fighting
  4658 | D:7      | Reached XP level 10. HP: 51/90 MP: 9/9
  5118 | D:4      | Found a staircase to the Ecumenical Temple.
  5125 | Temple   | Entered the Ecumenical Temple
  5294 | D:5      | Bought a smoking helmet for 266 gold pieces
  5299 | D:5      | Identified the +2 helmet of Knowledge {MR+ Str+4} (You
                  | bought it in a shop on level 5 of the Dungeon)
  5403 | D:8      | Found a hide-covered altar of Uskayaw.
  5514 | D:8      | Noticed Erica
  5524 | D:8      | Killed Erica
  6019 | D:9      | Reached skill level 9 in Fighting
  6067 | D:9      | Noticed Gastronok
  6088 | D:9      | Killed Gastronok
  6088 | D:9      | Reached XP level 11. HP: 42/97 MP: 10/10
  6159 | D:9      | Found a radiant altar of Vehumet.
  6171 | D:9      | Found a runed door.
  6173 | D:9      | Found an iron altar of Okawaru.
  6180 | D:9      | Found a radiant altar of Vehumet.
  6188 | D:9      | Noticed Joseph
  6203 | D:9      | Killed Joseph
  6255 | D:9      | Found a hide-covered altar of Uskayaw.
  6285 | D:9      | Found an opulent altar of Gozag.
  6305 | D:9      | Found a white marble altar of Elyvilon.
  6326 | D:9      | Noticed a flayed ghost
  6336 | D:9      | Killed a flayed ghost
  6336 | D:9      | Reached skill level 10 in Fighting
  6373 | D:9      | Noticed Psyche
  6380 | D:9      | Killed Psyche
  6482 | D:9      | Found a staircase to the Orcish Mines.
  6795 | D:9      | Reached skill level 10 in Unarmed Combat
  6904 | D:9      | Found a stormy altar of Qazlal.
  6912 | D:9      | Became a worshipper of Qazlal Stormbringer
  7646 | D:8      | Found Kifiguw's Weapon Boutique.
  8064 | D:10     | Entered Level 10 of the Dungeon
  8136 | D:10     | Found a staircase to the Lair.
  8146 | Lair:1   | Entered Level 1 of the Lair of Beasts
  8311 | Lair:1   | Reached * piety under Qazlal
  8448 | Lair:1   | Reached XP level 12. HP: 108/108 MP: 11/11
  8483 | Lair:1   | You fall through a shaft!
  8624 | Lair:2   | Reached skill level 11 in Fighting
  9323 | Lair:3   | Reached skill level 1 in Invocations
  9396 | Lair:3   | Reached ** piety under Qazlal
  9432 | Lair:3   | Found a shimmering altar of Xom.
  9432 | Lair:3   | Noticed MalarOregon's ghost (journeyman MfIE)
  9433 | Lair:3   | Found a runed door.
  9449 | Lair:3   | Found a staircase to the Snake Pit.
 10217 | Lair:4   | Found a staircase to the Swamp.
 10306 | Lair:4   | Reached skill level 10 in Shields
 10325 | Lair:4   | Reached skill level 10 in Armour
 10489 | Lair:4   | Reached *** piety under Qazlal
 10799 | Lair:4   | Noticed a four-headed hydra
 10804 | Lair:4   | Killed a four-headed hydra
 10804 | Lair:4   | Reached XP level 13. HP: 85/117 MP: 13/15
 11107 | Lair:5   | Reached skill level 12 in Fighting
 11191 | Lair:5   | Found a shattered altar of Ashenzari.
 11231 | Lair:5   | Found a runed door.
 11234 | Lair:5   | Noticed Tux's ghost (journeyman TeAE)
 11261 | Lair:5   | Killed Tux's ghost
 11342 | Lair:5   | Reached skill level 5 in Invocations
 11527 | Lair:5   | Found a staircase to the Slime Pits.
 12051 | Lair:6   | Entered Level 6 of the Lair of Beasts
 12244 | Lair:6   | Reached **** piety under Qazlal
 12268 | Lair:6   | Got an ichor-stained mace
 12732 | Lair:6   | Reached XP level 14. HP: 97/127 MP: 18/18
 12855 | Lair:6   | Reached skill level 13 in Fighting
 13215 | Lair:3   | Killed MalarOregon's ghost
 13215 | Lair:3   | Reached ***** piety under Qazlal
 13251 | Snake:1  | Entered Level 1 of the Snake Pit
 13447 | Snake:1  | You fall through a shaft!
 13493 | Snake:1  | Identified a scroll of acquirement
 13858 | Snake:2  | Noticed a nagaraja
 13888 | Snake:2  | Killed a nagaraja
 14092 | Snake:2  | Reached XP level 15. HP: 110/137 MP: 20/20
 14167 | Snake:2  | Found a transporter.
 14576 | Snake:2  | Found a transporter.
 14703 | Snake:2  | Got a vibrating marble ring
 14704 | Snake:2  | Identified the ring "Jiplafre" {rC+ Dex+5} (You found it on
                  | level 2 of the Snake Pit)
 14712 | Snake:2  | Identified the Catalogue of the Escort and Weightlessness
 14717 | Snake:2  | Got a sparkling lapis lazuli ring
 14718 | Snake:2  | Identified the ring of Qoffitil {rN+ Str+4} (You found it
                  | on level 2 of the Snake Pit)
 14996 | Snake:3  | Noticed a nagaraja
 15011 | Snake:3  | Killed a nagaraja
 15011 | Snake:3  | Reached skill level 14 in Fighting
 15014 | Snake:3  | HP: 5/138 [black mamba (9)]
 15014 | Snake:3  | HP: 2/138 [naga warrior/+0 long sword (3)]
 15014 | Snake:3  | Slain by a naga warrior

Vault maps used:
D:1:      lightli_arrival_statue_moat, minmay_misc_feat_encased, hex_large,
          minmay_cupped
D:2:      chequers_ecumenical_altar_simple_redux, lemuel_old_faithful
D:3:      gammafunk_temple_overflow_elements, first_ration
D:4:      minmay_temple_entry_enclosed_plants, serial_curves, eino_curves_02,
          eino_curves_03, eino_curves_02, eino_curves_03, uniq_menkaure,
          uniq_blork_the_orc, uniq_grinder, uniq_sigmund, uniq_edmund
D:5:      serial_shops, nicolae_shop_trees, corexii_corridor_pit,
          lemuel_statue_altar, uniq_eustachio
D:6:      kiku_gazebo_pond_becter, serial_shops, shop_statue,
          uniq_prince_ribbit1, uniq_crazy_yiuf_cottage
D:7:      nicolae_dithmenos_the_darkroom, serial_column_ruins, column_ruins_hut,
          column_ruins_square_huge, column_ruins_open_small,
          column_ruins_corridor_dead_end, column_ruins_grid_3,
          column_ruins_open_large, column_ruins_columns_straight, uniq_harold
D:8:      eat_drink_and_be_merry_uskayaw, serial_shops, kennysheep_mini_moat,
          uniq_erica
D:9:      due_megacathedral, lemuel_coloured_pillars_altar, uniq_joseph,
          uniq_gastronok, uniq_psyche
D:10:     lair_entry_dummy, basic_altar, hangedman_pestilent_swarm,
          minmay_misc_feat_pillars, minmay_nine_imps, uniq_fannar
Temple:   nicolae_temple_x_marks_the_god
Lair:1:   lemuel_fruit_tree
Lair:3:   guppyfry_snake_entry_island, ebering_ghost_xom, serial_bayou_shore_a,
          grunt_megastairs_3
Lair:4:   skrybe_swamp_entry_bodies
Lair:5:   dpeg_slime_entry_corner, basic_altar, ebering_ghost_inner_flame
Lair:6:   evilmike_catoblepas_cave, st_stairs_13, serial_bayou_shore_b
Snake:2:  gammafunk_its_a_trap, grunt_megastairs_1

Skill      XL: |  1  2  3  4  5  6  7  8  9 10 11 12 13 14 15 |
---------------+----------------------------------------------+-----
Armour         | 3 4 5 7 8 9 10 11 | 11.9
Shields        | 3 4 5 7 8 9 10 11 | 11.9
Unarmed Combat | 3 4 5 6 8 9 10 11 12 13 | 13.8
Fighting       | 4 5 6 8 9 10 11 12 13 14 | 14.0
Invocations    | 4 6 8 9 |  9.3

Action                   |  1- 3 |  4- 6 |  7- 9 | 10-12 | 13-15 || total
-------------------------+-------+-------+-------+-------+-------++-------
Melee: Unarmed           |   128 |   181 |   380 |   716 |   777 ||  2182
Invok: Elemental Force   |       |       |       |       |     2 ||     2
       Disaster Area     |       |       |       |       |     2 ||     2
Evoke: Wand              |       |       |     3 |       |       ||     3
  Use: Potion            |       |     1 |     2 |     1 |     2 ||     6
       Scroll            |       |       |       |       |    22 ||    22
 Stab: Petrified         |       |       |       |       |     1 ||     1
  Eat: Chunk             |    12 |    12 |    46 |    82 |   111 ||   263
       Ration            |       |       |     1 |       |       ||     1
Armor: Scale mail        |    60 |    51 |    31 |   216 |   208 ||   566
       Chain mail        |       |       |   159 |       |       ||   159
Dodge: Dodged            |    30 |    38 |    78 |   215 |   164 ||   525
       Deflected         |       |       |       |       |    17 ||    17
Block: Shield            |    65 |    66 |   181 |   426 |   342 ||  1080
       Large shield      |       |       |       |       |   344 ||   344

Table legend:
 A = Non-vault XP
 B = Vault XP
 C = Vault XP percentage of total XP
 D = Non-vault monster count
 E = Vault monster count
 F = Vault count percentage of total count
                 A         B        C        D         E       F
            +---------+---------+-------+---------+---------+-------
      Total |   67030 |   32147 |  32.4 |     379 |      64 |  14.4
            +---------+---------+-------+---------+---------+-------
        D:1 |      52 |       4 |   7.1 |      24 |       3 |  11.1
        D:2 |      76 |       0 |   0.0 |      30 |       0 |   0.0
        D:3 |      67 |       0 |   0.0 |      10 |       0 |   0.0
        D:4 |     155 |     941 |  85.9 |      14 |       5 |  26.3
        D:5 |     455 |     203 |  30.9 |      15 |       1 |   6.2
        D:6 |     253 |     327 |  56.4 |      12 |       2 |  14.3
        D:7 |    1684 |     950 |  36.1 |      24 |       1 |   4.0
        D:8 |    2603 |     918 |  26.1 |      28 |       1 |   3.4
        D:9 |    1869 |    5111 |  73.2 |      46 |       9 |  16.4
       D:10 |     224 |       0 |   0.0 |       4 |       0 |   0.0
     Lair:1 |    3347 |       0 |   0.0 |      14 |       0 |   0.0
     Lair:2 |    2702 |       0 |   0.0 |      12 |       0 |   0.0
     Lair:3 |    3567 |    2163 |  37.7 |      19 |       3 |  13.6
     Lair:4 |    6102 |     527 |   7.9 |      24 |       2 |   7.7
     Lair:5 |    6190 |    1553 |  20.1 |      26 |       2 |   7.1
     Lair:6 |   12566 |   12587 |  50.0 |      31 |      24 |  43.6
    Snake:1 |    6886 |       0 |   0.0 |      14 |       0 |   0.0
    Snake:2 |   16030 |    6863 |  30.0 |      29 |      11 |  27.5
    Snake:3 |    2202 |       0 |   0.0 |       3 |       0 |   0.0
            +---------+---------+-------+---------+---------+-------
